 Dungeon Crawl Stone Soup version 0.21.1-1-g345015f (webtiles) character file.

194 inmateoo the Skirmisher (level 5, 0/51 HPs)
             Began as a Minotaur Wizard on Feb 11, 2018.
             Was an Initiate of Makhleb.
             Slain by Edmund
             ... wielding a +4 dire flail of draining
              (4 damage)
             ... on level 3 of the Dungeon.
             The game lasted 00:06:10 (3878 turns).

inmateoo the Skirmisher (Minotaur Wizard)           Turns: 3878, Time: 00:06:11

Health: 0/51       AC:  8    Str: 17 (18) XL:     5   Next: 44%
Magic:  7/7        EV: 13    Int: 12 (15) God:    Makhleb [......]
Gold:   203        SH:  7    Dex: 11 (13) Spells: 3/8 levels left

rFire    . . .     SeeInvis .   n - +0 flail
rCold    . . .     Gourm    .   p - +0 buckler
rNeg     . . .     Faith    .   e - +0 scale mail
rPois    .         Spirit   .   b - +0 hat
rElec    .         Reflect  .   (no cloak)
rCorr    .         Harm     .   (no gloves)
MR       .....                  t - +1 pair of boots
Stlth    ++........             (no amulet)
HPRegen  0.00/turn              g - ring of wizardry
MPRegen  0.10/turn              (no ring)

@: mighty, agile, heavily drained
A: retaliatory headbutt, horns 2, large bone plates 1, camouflage 1, inhibited
regeneration
a: Renounce Religion


You were on level 3 of the Dungeon.
You worshipped Makhleb.
Makhleb was noncommittal.
You were not hungry.

You visited 1 branch of the dungeon, and saw 4 of its levels.

You collected 203 gold pieces.

Inventory:

Hand Weapons
 n - a +0 flail (weapon)
 o - a +0 spear
Missiles
 h - 8 poisoned tomahawks (quivered)
Armour
 b - a +0 hat (worn)
 e - a +0 scale mail (worn)
 p - a +0 buckler (worn)
 t - a +1 pair of boots (worn)
Jewellery
 g - a ring of wizardry (left hand)
Scrolls
 l - a scroll of remove curse
 q - a scroll of teleportation
Potions
 f - a potion of magic
 s - a potion of might
Books
 c - a book of Minor Magic

   Spells                             Type                      Level
   a - Magic Dart                     Conjuration                  1
   b - Blink                          Translocation                2
   c - Call Imp                       Summoning                    2
   d - Slow                           Hexes                        2
   e - Conjure Flame                  Conjuration/Fire             3
   f - Mephitic Cloud                 Conjuration/Poison/Air       3
Comestibles
 d - 4 rations


   Skills:
 + Level 6.4(3.5) Fighting
 - Level 2.1(0.0) Dodging
 - Level 1.5(0.0) Stealth
 - Level 2.1(0.0) Spellcasting
 - Level 0.6(0.0) Conjurations
 - Level 0.6(0.0) Summonings
 - Level 0.6(0.0) Translocations


You had 3 spell levels left.
You knew the following spells:

 Your Spells              Type           Power        Failure   Level  Hunger
a - Magic Dart            Conj           #...         58%         1    ##.....
b - Blink                 Tloc           N/A          73%         2    ###....
c - Call Imp              Summ           #.......     73%         2    ###....


Dungeon Overview and Level Annotations

Branches:
Dungeon (4/15)
 Temple: D:4-7

Altars:
Cheibriados
Hepliaklqana
Kikubaaqudgha
Makhleb
Wu Jian
The Shining One

Annotations:
D:3 Edmund


Innate Abilities, Weirdness & Mutations

You reflexively headbutt those who attack you in melee.
You have a pair of horns on your head.
You are partially covered in large bone plates. (SH +4)
Your skin changes colour to match your surroundings (Stealth+).
You do not regenerate when monsters are visible.


Message History

Edmund is almost dead.
Edmund hits you with a dire flail of draining.
* * * LOW HITPOINT WARNING * * *
You feel drained.
Edmund hits you with a dire flail of draining.
* * * LOW HITPOINT WARNING * * *
You feel drained.
* * * LOW HITPOINT WARNING * * *
Unknown command.
You barely miss Edmund. Your headbutt misses Edmund.
Edmund is almost dead.
Edmund closely misses you.
You closely miss Edmund.
Edmund is almost dead.
You block Edmund's attack.
You completely miss Edmund.
Edmund is almost dead.
Edmund says, "You wouldn't believe how much I paid for this flail."
Edmund hits you with a dire flail of draining.
You die...

#.##.#########..######....##
#.##..# #......#.........#####
#.###.###.#####..####......>.##
..........#.....## #.........##
#.#...........#######..........#
..#............................#
#.#...........#####............#
..#......#....#####............#
.##.............@@.............#
.##<...........#####.#........##
..........###### #...........#
#....##..## ##...........#
.....##..# ######............#
..#####..# #.........>.......#
...####..#####(................#
##.......................[....##
#######..#####...<....#......##


You could see Edmund.

Vanquished Creatures
  An orc wizard (D:3)
  A worker ant (D:2)
  A gnoll (D:3)
  4 adders
  2 oozes
  4 worms
  4 dart slugs
  3 leopard geckos
  5 orcs (D:3)
  A giant cockroach (D:2)
  6 goblins
  7 hobgoblins
  3 jackals (D:3)
  2 quokkas
  2 ball pythons (D:3)
  8 bats
  2 frilled lizards
  6 kobolds
  9 rats
71 creatures vanquished.

Notes
Turn   | Place    | Note
-------+----------+-------------------------------------------
     0 | D:1      | inmateoo the Minotaur Wizard began the quest for the Orb.
     0 | D:1      | Reached XP level 1. HP: 14/14 MP: 2/2
    63 | D:1      | Reached skill level 1 in Fighting
   361 | D:1      | Reached skill level 2 in Fighting
   361 | D:1      | Reached XP level 2. HP: 6/24 MP: 0/4
   418 | D:1      | Learned a level 2 spell: Blink
   421 | D:1      | Learned a level 2 spell: Call Imp
  1547 | D:2      | Reached skill level 3 in Fighting
  1799 | D:2      | Reached XP level 3. HP: 17/31 MP: 5/5
  2173 | D:2      | Reached skill level 4 in Fighting
  2259 | D:2      | You fall through a shaft!
  2305 | D:3      | Reached XP level 4. HP: 31/41 MP: 6/6
  2447 | D:3      | Reached skill level 5 in Fighting
  2569 | D:3      | Found a snail-covered altar of Cheibriados.
  2986 | D:2      | Reached XP level 5. HP: 44/50 MP: 7/7
  3150 | D:2      | Found a hazy altar of Hepliaklqana.
  3157 | D:2      | Found an ancient bone altar of Kikubaaqudgha.
  3158 | D:2      | Found a burning altar of Makhleb.
  3158 | D:2      | Found a glowing golden altar of the Shining One.
  3163 | D:2      | Found a snail-covered altar of Cheibriados.
  3167 | D:2      | Became a worshipper of Makhleb the Destroyer
  3187 | D:2      | Found a burning altar of Makhleb.
  3187 | D:2      | Noticed a balrug
  3190 | D:2      | Noticed an orange demon
  3190 | D:2      | Noticed a smoke demon
  3306 | D:3      | Reached skill level 6 in Fighting
  3394 | D:3      | Found an ornate altar of the Wu Jian Council.
  3779 | D:4      | Noticed Edmund
  3860 | D:3      | Gained mutation: You do not regenerate when monsters are visible. [potion of mutation]
  3860 | D:3      | Gained mutation: Your skin changes colour to match your surroundings (Stealth+). [potion of mutation]
  3860 | D:3      | Gained mutation: You are partially covered in large bone plates. (SH +4) [potion of mutation]
  3878 | D:3      | Slain by Edmund

Skill      XL: |  1  2  3  4  5 |
---------------+----------------+-----
Fighting       | 2 3 4 5 6 |  6.4
Dodging        | |  2.1
Stealth        | |  1.5
Spellcasting   | |  2.1
Conjurations   | |  0.6
Summonings     | |  0.6
Translocations | |  0.6

Action                   |  1- 3 |  4- 6 || total
-------------------------+-------+-------++-------
Melee: Unarmed           |    11 |       ||    11
       Dagger            |    38 |       ||    38
       Headbutt          |    13 |    18 ||    31
       Flail             |    63 |   131 ||   194
 Cast: Magic Dart        |     9 |       ||     9
  Use: Scroll            |     2 |     3 ||     5
       Potion            |     1 |     7 ||     8
 Stab: Sleeping          |     2 |       ||     2
  Eat: Chunk             |     4 |     6 ||    10
Armor: Robe              |    10 |       ||    10
       Scale mail        |    39 |    82 ||   121
Dodge: Dodged            |    58 |    83 ||   141
Block: Buckler           |       |    18 ||    18
